 Dungeon Crawl Stone Soup version 0.32-a0-22-g6ae6769602 (webtiles) character file.

Game seed: 4051261090940093087

910 senseless the Trooper (level 8, -5/84 HPs)
             Began as an Oni Gladiator on Jan 18, 2024.
             Slain by a killer bee (8 damage)
             ... on level 5 of the Dungeon.
             The game lasted 00:09:05 (4152 turns).

senseless the Trooper (Oni Gladiator)               Turns: 4152, Time: 00:09:07

Health: -5/84      AC:  3    Str: 21    XL:     8   Next: 8%
Magic:  17/17      EV: 11    Int:  9    God:
Gold:   318        SH:  0    Dex: 10    Spells: 7/7 levels left

rFire   + . .        y - +9 falchion of Indomitability {freeze, rElec rPois}
rCold   + . .        s - orb {light}
rNeg    . . .        b - +0 robe
rPois   +            c - +0 hat
rElec   +            j - scarf {rC+ rF+}
rCorr   .            (gloves unavailable)
SInv    .            (boots unavailable)
Will    .....        (no amulet)
Stlth   +            h - ring of flight
HPRegen 0.34/turn    t - ring of magical power
MPRegen 0.15/turn

%: no passive effects
@: lethally poisoned (-5 -> -6), flying, glowing, studying Short Blades
A: large, unfitting armour, horns 1, tough skin 1, double potion healing,
drunken brawling
a: no special abilities


You were on level 5 of the Dungeon.
You visited 1 branch of the dungeon, and saw 5 of its levels.

You collected 318 gold pieces.

Inventory:

Hand Weapons
 a - a +0 flail
 d - a +0 giant club
 f - a +0 giant spiked club
 y - the +9 falchion of Indomitability (weapon) {freeze, rElec rPois}
   (You took it off an orc on level 4 of the Dungeon)

   rElec:     It insulates you from electricity.
   rPois:     It protects you from poison
Missiles
 e - a large rock
 q - 10 poisoned darts
 r - a throwing net (quivered)
Armour
 b - a +0 robe (worn)
 c - a +0 hat (worn)
 j - a scarf of resistance (worn)
 s - an orb of light (worn)
Jewellery
 h - a ring of flight (left hand)
 l - a ring of fire
 t - a ring of magical power (right hand)
 w - a ring of wizardry
Wands
 k - a wand of charming (1)
Scrolls
 i - a scroll of teleportation
 o - a scroll of torment
 B - a scroll of fear
 C - a scroll of blinking {unknown}
Potions
 g - a potion of brilliance {unknown}
 m - 2 potions of haste
 n - a potion of curing
 p - a potion of might
 u - a potion of magic
 v - a potion of mutation
 x - a potion of attraction
 z - a potion of lignification
 A - a potion of heal wounds


   Skills:
 * Level 6.4 Fighting
 + Level 1.2 Long Blades
 * Level 5.3 Maces & Flails
 + Level 4.4 Throwing
 * Level 4.8 Dodging


You had 7 spell levels left.
You didn't know any spells.
Your spell library contained the following spells:

 Spells                   Type           Power      Damage    Failure   Level
 Sting                    Conj/Alch      0%         1d3       38%         1
 Mercury Vapours          Alch/Air       0%         N/A       52%         2
 Call Canine Familiar     Summ           0%         N/A       77%         3
 Hailstorm                Conj/Ice       0%         3d5       77%         3
 Sigil of Binding         Hex            0%         N/A       77%         3
 Summon Ice Beast         Ice/Summ       0%         N/A       77%         3
 Dimensional Bullseye     Hex/Tloc       0%         N/A       99%         4
 Olgreb's Toxic Radiance  Alch           0%         N/A       99%         4
 Sculpt Simulacrum        Ice/Alch       0%         N/A       100%        6


Dungeon Overview and Level Annotations

Branches:
Dungeon (5/15)
 Temple: D:4-7

Altars:
Uskayaw
Vehumet


Innate Abilities, Weirdness & Mutations

You are too large for most types of armour.
You have a pair of small horns on your head.
You have tough skin. (AC +1)
You gain doubled healing and magic from potions.
Whenever you drink a healing potion, you attack all around you.


Message History

You are too injured to fight recklessly!
You are too injured to fight recklessly!
You are too injured to fight recklessly!
You are too injured to fight recklessly!
You are too injured to fight recklessly!
You are too injured to fight recklessly!
You are too injured to fight recklessly!
You are too injured to fight recklessly!
You are too injured to fight recklessly!
You are too injured to fight recklessly!
You are too injured to fight recklessly!
You are too injured to fight recklessly!
You are too injured to fight recklessly!
The killer bee barely misses you. The iguana bites you!
* * * LOW HITPOINT WARNING * * *
The killer bee stings you.
* * * LOW HITPOINT WARNING * * *
The killer bee barely misses you. The killer bee stings you.
* * * LOW HITPOINT WARNING * * *
You are poisoned.
The killer bee poisons you! The iguana attacks as it pursues you!
The iguana bites you.
* * * LOW HITPOINT WARNING * * *
The killer bee completely misses you.
The killer bee stings you but does no damage.
You feel sick.
You barely miss the killer bee. You headbutt the killer bee.
The killer bee is moderately wounded.
You feel sick. The killer bee barely misses you. The killer bee misses you.
You closely miss the killer bee. You headbutt the killer bee!
The killer bee is heavily wounded.
You feel sick. The killer bee misses you. The killer bee barely misses you.
You barely miss the killer bee.
The killer bee is heavily wounded.
You feel sick.
The killer bee stings you but does no damage.
The killer bee stings you!
* * * LOW HITPOINT WARNING * * *
The killer bee stings you!
You die...

###†######## #. .#
#........... .. .#
..)..#######. #. #.#
........# #..#. #.###
.....##.####..#.## .....#
..#.###.........†###.##.#
..#.##.......(..ly.).##.#
..#.##.####...##y##..##.#
....<..####...##@##..##.#
.............<.......##.#
...........(....>##.###.#
>......#.##.#.##...(###.#
.........## #. #........#
##.....##. . ###..#####
##...#.##.#. #>.#
............ #..#
##..#.###. .#.####..#


You could see an iguana and 2 killer bees.

Vanquished Creatures
  Eustachio (D:5)
  2 ogres
  A scorpion (D:4)
  A killer bee (D:5)
  A bombardier beetle (D:4)
  An orc priest (D:3)
  2 jellies
  3 hounds (D:5)
  A sleepcap (D:3)
  Terence (D:2)
  An iguana (D:5)
  2 orc wizards (D:4)
  4 gnolls (D:3)
  3 adders
  4 dart slugs
  3 ribbon worms
  20 orcs
  10 ball pythons
  6 bats
  2 endoplasms
  A giant cockroach (D:1)
  12 goblins
  7 hobgoblins
  4 jackals (D:4)
  A kobold (D:1)
  6 quokkas
  A frilled lizard (D:1)
  8 rats
109 creatures vanquished.

Notes
Turn   | Place    | Note
-------+----------+-------------------------------------------
     0 | D:1      | senseless the Oni Gladiator began the quest for the Orb.
     0 | D:1      | Reached XP level 1. HP: 22/22 MP: 1/1
    70 | D:1      | Reached XP level 2. HP: 29/29 MP: 2/2
   103 | D:1      | Reached skill level 3 in Fighting
   438 | D:1      | Reached XP level 3. HP: 29/37 MP: 3/3
   923 | D:2      | Noticed Terence
   931 | D:2      | Killed Terence
   932 | D:2      | Reached XP level 4. HP: 48/48 MP: 4/4
  1604 | D:3      | Reached skill level 4 in Fighting
  1818 | D:3      | Noticed an ogre
  1821 | D:3      | Reached XP level 5. HP: 54/54 MP: 5/5
  1828 | D:3      | Killed an ogre
  1918 | D:3      | Reached XP level 6. HP: 49/63 MP: 6/6
  1969 | D:3      | Found a hide-covered altar of Uskayaw.
  2590 | D:4      | Reached skill level 5 in Fighting
  2733 | D:4      | Found a radiant altar of Vehumet.
  2748 | D:4      | Reached XP level 7. HP: 56/72 MP: 7/7
  3326 | D:4      | Identified the +9 falchion of Indomitability {freeze, rElec
                  | rPois}
  3748 | D:5      | Entered Level 5 of the Dungeon
  3797 | D:5      | Reached skill level 5 in Maces & Flails
  4023 | D:5      | Noticed Eustachio
  4038 | D:5      | Killed Eustachio
  4039 | D:5      | Reached skill level 6 in Fighting
  4039 | D:5      | Reached skill level 1 in Long Blades
  4045 | D:5      | Reached XP level 8. HP: 41/83 MP: 8/8
  4152 | D:5      | HP: 3/84 [killer bee (8)]
  4152 | D:5      | Slain by a killer bee

Illustrated notes

Levels and vault maps discovered:
D:1:      dpeg_arrival_tiny_f, layout_basic
D:2:      layout_loops_ring, uniq_terence
D:3:      layout_rooms, eat_drink_and_be_merry_uskayaw, minmay_three_crescents
D:4:      layout_rooms, lemuel_crystal_altar
D:5:      layout_loops_ring, general_overflow_altar,
          serial_library_hellmonk_double_dead_end, uniq_eustachio

Skill      XL: |  1  2  3  4  5  6  7 |
---------------+----------------------+-----
Fighting       | 3 4 5 6 |  6.4
Dodging        | 3 4 |  4.8
Maces & Flails | 4 5 |  5.3
Throwing       | 3 4 |  4.4
Long Blades    | 1 |  1.2

Action                     |  1- 3 |  4- 6 |  7- 9 || total
---------------------------+-------+-------+-------++-------
  Melee: Flail             |    91 |    47 |       ||   138
         Headbutt          |    15 |    16 |    10 ||    41
         Giant club        |       |    61 |     2 ||    63
         Falchion          |       |       |    56 ||    56
         Giant spiked club |       |       |    39 ||    39
  Throw: Throwing net      |     2 |     2 |     1 ||     5
    Use: Scroll            |       |    15 |       ||    15
         Potion            |       |       |     4 ||     4
   Stab: Held in net/web   |     2 |       |       ||     2
 Armour: Robe              |    61 |   105 |   156 ||   322
  Dodge: Dodged            |    53 |    83 |    56 ||   192

Table legend: (Time is in decaauts)
 A = Elapsed time spent in this place.
 B = Non-inter-level travel time spent in this place.
 C = Inter-level travel time spent in this place.
 D = Time resting spent in this place.
 E = Time spent auto-exploring this place.
 F = Levels seen in this place.
 G = Mean time per level.
                   A        B        C        D        E       F      G
               +--------+--------+--------+--------+--------+-----+--------+
         Total |   4241 |   4180 |     61 |    254 |   3160 |   5 |  848.2 |
       Dungeon |   4241 |   4180 |     61 |    254 |   3160 |   5 |  848.2 |
               +--------+--------+--------+--------+--------+-----+--------+

Top non-repeatable levels by time:
     D:4: 1234 daAuts
     D:1: 943 daAuts
     D:2: 835 daAuts
     D:3: 814 daAuts
     D:5: 413 daAuts
